 Dungeon Crawl Stone Soup version 0.24-a0-139-geb6712d (webtiles) character file.

Game seed: 9255289361598184623

140 Dfrag the Firebug (level 5, 13/35 HPs)
             Began as a Demonspawn Fire Elementalist on Mar 4, 2019.
             Quit the game on level 3 of the Dungeon.
             The game lasted 00:02:38 (1369 turns).

Dfrag the Firebug (Demonspawn Fire Elementalist)    Turns: 1369, Time: 00:02:39

Health: 13/35      AC:  5    Str:  9    XL:     5   Next: 2%
Magic:  0/9        EV: 12    Int: 17    God:
Gold:   100        SH:  0    Dex: 13    Spells: 9/10 levels left

rFire    . . .     SeeInvis .   p - +2 hand axe (chop)
rCold    . . .     Gourm    .   (no shield)
rNeg     . . .     Faith    .   a - +0 robe
rPois    .         Spirit   .   e - +0 helmet
rElec    .         Reflect  .   r - +0 cloak
rCorr    .         Harm     +   d - +0 pair of gloves
MR       .....                  (no boots)
Stlth    +++++.....             i - amulet of harm
HPRegen  0.11/turn              (no ring)
MPRegen  0.11/turn              (no ring)

@: very slightly contaminated
A: claws 1, nightstalker 3
a: no special abilities


You were on level 3 of the Dungeon.
You were not hungry.

You visited 1 branch of the dungeon, and saw 3 of its levels.

You collected 100 gold pieces.

Inventory:

Hand Weapons
 p - a +2 hand axe of chopping (weapon)
Armour
 a - a +0 robe (worn)
 d - a +0 pair of gloves (worn)
 e - a +0 helmet (worn)
 r - a +0 cloak (worn)
Jewellery
 i - an amulet of harm (around neck)
Scrolls
 g - a scroll of noise {unknown}
 h - a scroll of remove curse {unknown}
 j - a scroll of enchant weapon {unknown}
 k - 3 scrolls of teleportation {unknown}
 l - a scroll of random uselessness {unknown}
 n - 2 scrolls of identify {unknown}
 q - a scroll of immolation {unknown}
Potions
 b - a potion of haste {unknown}
 f - 3 potions of curing {unknown}
 m - 3 potions of berserk rage {unknown}
 s - a potion of brilliance {unknown}
Comestibles
 c - 6 rations
 o - 2 chunks of flesh


   Skills:
 - Level 1.7 Dodging
 - Level 1.7 Stealth
 + Level 3.2 Spellcasting
 + Level 2.8 Conjurations
 + Level 3.7 Fire Magic


You had 9 spell levels left.
You knew the following spells:

 Your Spells              Type           Power        Failure   Level  Hunger
a - Flame Tongue          Conj/Fire      ##...        4%          1    None

Your spell library contained the following spells:

 Spells                   Type           Power        Failure   Level  Hunger
 Throw Flame              Conj/Fire      ##....       7%          2    ##.....
 Conjure Flame            Conj/Fire      ##......     13%         3    ###....
 Inner Flame              Hex/Fire       #.......     24%         3    ###....
 Sticky Flame             Conj/Fire      ##......     41%         4    ####...
 Fireball                 Conj/Fire      ##........   77%         5    ######.


Dungeon Overview and Level Annotations

Branches:
Dungeon (3/15)

Altars:


Innate Abilities, Weirdness & Mutations

You have sharp fingernails.
You are completely attuned to the shadows.


Message History

You have reached level 5!
You feel monstrous as your demonic heritage exerts itself.
Your demonic ancestry asserts itself...
Your fingernails lengthen.
The giant cockroach bites you but does no damage.
Casting: Flame Tongue (safe; 4% risk of failure)
Confirm with . or Enter, or press ? or * to list all spells.
Aiming: Flame Tongue (safe; 4% risk of failure)
Press: ? - help, Shift-Dir - straight line, f - giant cockroach
Aim: a giant cockroach (clinging)
The flame tongue hits the giant cockroach!
You kill the giant cockroach!
Items here: ) [[[ †† Butcher an orc corpse? [(y)es/(n)o/(a)ll/(q)uit/?]
Butcher an orc corpse? [(y)es/(n)o/(a)ll/(q)uit/?]
You butcher the orc corpse.
o - 2 chunks of flesh (gained 1)
Items here: ) [[[ ÷ † Unknown command.
Are you sure you want to abandon this character and quit the game? (Confirm with "yes".)

...# .## ... #.#
#.############
.#####†##.........#
....@.............# #
....).............# #
..................###
..........#..#####...
########..#..####..##
#..#.......##.
##..##. ##.....
#..#...


There were no monsters in sight!

Vanquished Creatures
  An orc wizard (D:3)
  5 adders
  An ooze (D:3)
  2 worms (D:2)
  A dart slug (D:2)
  4 leopard geckos
  4 orcs (D:3)
  3 giant cockroaches
  3 goblins
  4 hobgoblins
  4 jackals (D:1)
  4 bats
  2 frilled lizards (D:2)
  6 kobolds
  6 rats
50 creatures vanquished.

Notes
Turn   | Place    | Note
-------+----------+-------------------------------------------
     0 | D:1      | Dfrag the Demonspawn Fire Elementalist began the quest for
                  | the Orb.
     0 | D:1      | Reached XP level 1. HP: 13/13 MP: 3/3
   188 | D:1      | Gained mutation: You are slightly more attuned to the
                  | shadows. [demonic ancestry]
   188 | D:1      | Reached XP level 2. HP: 8/19 MP: 0/5
   715 | D:2      | Gained mutation: You are significantly more attuned to the
                  | shadows. [demonic ancestry]
   715 | D:2      | Reached XP level 3. HP: 14/24 MP: 1/6
  1031 | D:2      | Gained mutation: You are completely attuned to the shadows.
                  | [demonic ancestry]
  1031 | D:2      | Reached XP level 4. HP: 30/30 MP: 6/8
  1072 | D:2      | Found a faded altar of an unknown god.
  1364 | D:3      | Gained mutation: You have sharp fingernails. [demonic
                  | ancestry]
  1364 | D:3      | Reached XP level 5. HP: 12/35 MP: 1/9
  1369 | D:3      | Quit the game

Levels and vault maps discovered:
D:1:      saegor_arrival_simple_a, layout_loops_ring
D:2:      layout_rooms, chequers_ecumenical_altar_island
D:3:      layout_rooms, marbit_many_paths, first_ration

Skill      XL: |  1  2  3  4 |
---------------+-------------+-----
Fire Magic     | 3 |  3.7
Conjurations   | 2 |  2.8
Spellcasting   | 3 |  3.2
Dodging        | |  1.7
Stealth        | |  1.7

Action                   |  1- 3 |  4- 6 || total
-------------------------+-------+-------++-------
Melee: Unarmed           |    18 |       ||    18
       Hand axe          |     3 |       ||     3
 Cast: Flame Tongue      |    50 |    26 ||    76
  Eat: Chunk             |     1 |     1 ||     2
Armor: Robe              |    14 |     5 ||    19
Dodge: Dodged            |    45 |     8 ||    53

Table legend:
 A = Non-vault XP
 B = Vault XP
 C = Vault XP percentage of total XP
 D = Non-vault monster count
 E = Vault monster count
 F = Vault count percentage of total count
                 A         B        C        D         E       F
            +---------+---------+-------+---------+---------+-------
      Total |     201 |       0 |   0.0 |      50 |       0 |   0.0
            +---------+---------+-------+---------+---------+-------
        D:1 |      35 |       0 |   0.0 |      19 |       0 |   0.0
        D:2 |      84 |       0 |   0.0 |      18 |       0 |   0.0
        D:3 |      82 |       0 |   0.0 |      13 |       0 |   0.0
            +---------+---------+-------+---------+---------+-------
